Frizzbo, chaotic female sylph Rogue ---- -----..-- |.......-- -.......| --..hG..| -...GE.- -.......G%?.- -..h..G........ ................... .(..G..................... -- ---------.|................ ----....|......|....| ---.---...--- |..| -- ---- --- Frizzbo the Cutpurse Experience level: 5 Strength: 14 Dexterity: 20 Constitution: 15 Intelligence: 9 Wisdom: 11 Charisma: 7 Health: 0(48) Energy: 26(26) Def: 0 Gold: 106 Moves: 1789 Dungeon seed: GTuENYgqOTfN139R Game ID: Frizzbo_1467221476 Your Inventory: Coins $ - 106 gold pieces Weapons a - a blessed +0 short sword (alternate weapon; not wielded) b - 8 uncursed +0 daggers (in quiver) Y - a cursed -1 elven dagger (weapon in hand) Armor e - an uncursed +1 leather armor Comestibles p - an uncursed eucalyptus leaf v - 4 uncursed food rations F - an uncursed lichen corpse V - an uncursed sprig of wolfsbane Scrolls o - a blessed scroll of light Z - an uncursed scroll of remove curse Potions c - an uncursed potion of sickness w - a blessed potion of paralysis G - an uncursed potion of gain energy Rings B - an uncursed ring of slow digestion Wands h - an uncursed wand of opening (0:3) A - an uncursed wand of secret door detection (0:11) Tools f - an uncursed lock pick g - an uncursed blindfold j - an uncursed +0 pick-axe l - an uncursed expensive camera (0:30) s - an uncursed sack Gems n - an uncursed worthless piece of red glass q - an uncursed worthless piece of yellowish brown glass Spells and supernatural/magical abilities: Name Level Category Fail Memory W - pray for help -- divine ? -- Your skills at the end: Miscellaneous Skills wands [Basic] Weapon Skills dagger [Basic] short sword [Basic] Spellcasting Skills healing spells [Basic] Final Attributes: You were devoutly aligned. You saw invisible. You had infravision. You were stealthy. You were protected from shape changers. You are dead. Vanquished creatures: a pony a gnome lord a gnomish wizard a little dog 2 dwarves 2 iguanas 2 gas spores 2 hobbits 2 acid blobs 2 hobgoblins a giant rat 2 brown molds a yellow mold 7 gnomes 3 jackals a fox 3 kobolds 3 newts 3 sewer rats 7 grid bugs 4 lichens a kobold zombie 52 creatures vanquished. Voluntary challenges: You were vegetarian. You did not wear any clothing or armor. You used a wielded weapon 63 times, starting on turn 514. You did not use containers. You did not apply a unicorn horn. You read items or engraved 3 times, starting on turn 814. You never genocided any monsters. You never polymorphed an object. You never changed form. You used no wishes. You never split a pudding. You never wrote Elbereth's name. You violated your moral code, losing 5 points of alignment, starting on turn 875. Dungeon overview: The Dungeons of Doom: levels 1 to 3 Level 1 some fountains a long staircase Level 2 a general store Level 3 some fountains stairs to The Gnomish Mines The Gnomish Mines: levels 4 to 5 Level 4 stairs to The Dungeons of Doom Level 5 <- You were here History has recorded: On T:1 you entered the Dungeons of Doom to retrieve the Amulet of Yendor! On T:660 you advanced to experience level 2. On T:875 you advanced to experience level 3. On T:875 you advanced to experience level 4. On T:1222 you reached level 3 of The Dungeons of Doom. On T:1534 you reached level 1 of The Gnomish Mines. On T:1537 you advanced to experience level 5. On T:1781 you reached level 2 of The Gnomish Mines. Score breakdown: Gold: 106 ( 10 points) Experience: 5 levels ( 400 points) Exploration: 5 levels ( 120 points) Discoveries: 3 items ( 150 points) Variety of kills: 22 monsters ( 1100 points) Major goal: (nothing yet) ( 0 points) Survival: died (score multiplied by 3) Total score: 5340 Latest messages: The gnome punches you! You stab the pony. The pony kicks! The pony bites! The pony kicks! The pony bites! You stab the pony. The pony kicks! The pony bites! The gnome punches you! You stab the pony. The pony kicks! The pony bites! The hobbit wields a runed dagger! You kill the pony! The hobbit thrusts his runed dagger. The hobbit stabs you! The gnome lord punches you! The gnome punches you! You stab the gnome lord. The hobbit thrusts his runed dagger. The hobbit stabs you! The gnome lord punches you! You stab the gnome lord. The gnome punches you! You die... Final status: Goodbye Frizzbo the Rogue, killed by a gnome... You died in The Gnomish Mines on dungeon level 5 with 5340 points, and 106 pieces of gold, after 1789 moves. You were level 5 with a maximum of 48 hit points when you died.